 Dungeon Sprint DCSS version 0.17-a0-1646-geb1493d (webtiles) character file.

336 Kidiri the Covert (level 6, 0/25 HPs)
             Began as a Spriggan Enchanter on Aug 11, 2015.
             Was an Initiate of Dithmenos.
             Slain by a spatial vortex (25 damage)
             ... in the Dungeon (Sprint III: "The Ten Rune Challenge").
             The game lasted 00:03:37 (383 turns).

Kidiri the Covert (Spriggan Enchanter)               Turns: 383, Time: 00:03:37

Health: 0/25       AC:  7    Str:  6    XL:     6   Next: 28%
Magic:  11/18      EV: 25    Int: 17    God:    Dithmenos [......]
Gold:   23         SH:  0    Dex: 18    Spells: 5 memorised, 9 levels left

rFire  . . .     SeeInvis +     a - +1 dagger
rCold  . . .     Clarity  .     b - +1 robe
rNeg   . . .     SustAt   .     (shield restricted)
rPois  .         Gourm    .     (helmet restricted)
rElec  +         Spirit   .     (no cloak)
rCorr  .         Warding  .     (gloves unavailable)
rMut   .         NoTele   +     (boots unavailable)
MR     +....                    (no amulet)
Stlth  +++++.....               (no ring)
                                k - +6 ring of slaying

@: very quick, somewhat resistant to hostile enchantments, quite stealthy
A: unfitting armour, iridescent scales 1, see invisible, herbivore 3, speed 3,
frail 1, electricity resistance, slow metabolism 2, strong 1, no device heal 1
a: Renounce Religion


You were in the Dungeon.
You worshipped Dithmenos.
Dithmenos was noncommittal.
You were not hungry.

You visited 1 branch You collected 23 gold pieces.

Inventory:

Hand weapons
 a - a +1 dagger (weapon)
Armour
 b - a +1 robe (worn)
Jewellery
 k - a +6 ring of slaying (left hand)
Magical devices
 l - a wand of confusion (23)
Scrolls
 j - a scroll of blinking
 n - 2 scrolls of immolation
 p - 3 scrolls of remove curse
Potions
 e - a potion of curing
 f - 2 potions of heal wounds
 g - a potion of haste
 h - 2 potions of magic
 r - a potion of cure mutation
 s - 2 potions of flight
Comestibles
 d - a bread ration
 q - 2 fruits
 t - 2 royal jellies


   Skills:
 + Level 4.8 Short Blades
 * Level 9.3 Dodging
 * Level 10.6 Stealth
 * Level 8.0 Spellcasting
 + Level 2.1 Conjurations
 + Level 6.2 Hexes
 + Level 2.8 Ice Magic
 + Level 0.0 Invocations


You had 9 spell levels left.
You knew the following spells:

 Your Spells              Type           Power        Failure   Level  Hunger
a - Corona                Hex            ####...      1%          1    None
b - Ensorcelled Hibernat  Hex/Ice        ###...       2%          2    None
c - Confuse               Hex            ####....     2%          3    #......
d - Tukima's Dance        Hex            ####....     2%          3    #......
e - Dazzling Spray        Conj/Hex       ###.....     8%          3    #......


Dungeon Overview and Level Annotations

Branches:
Dungeon (1/1)

Altars:
Dithmenos
Gozag
Makhleb
Nemelex Xobeh
Qazlal
Ru
Xom
Zin
Jiyva
Lugonu


Innate Abilities, Weirdness & Mutations

You are tiny and cannot use many weapons and most armour.
You have supernaturally acute eyesight.
You are a herbivore.
You cover ground extremely quickly.
You need consume almost no food.
You are partially covered in iridescent scales (AC +4).
You are frail (-10% HP).
You are resistant to electric shocks.
Your muscles are strong. (Str +2)
Potions and wands are less effective at restoring your health.


Message History

There is a shadowy altar of Dithmenos here.
You kneel at the altar of Dithmenos.
Dithmenos welcomes you! The spatial vortex misses you.
Unknown command.
You hit the spatial vortex.
The spatial vortex is lightly damaged.
The spatial vortex completely misses you.
You hit the spatial vortex.
The spatial vortex is moderately damaged.
You hit the spatial vortex.
The spatial vortex is moderately damaged.
The spatial vortex completely misses you.
You barely miss the spatial vortex.
The spatial vortex is moderately damaged.
You puncture the spatial vortex!
The spatial vortex is heavily damaged.
The spatial vortex hits you!!
Ouch! That really hurt!
You die...

#### ##.# ##
...#####..# _#
....#..#..# .#
#...#..#..###+#+###+##
##..##'#..#..........#
##[.###...'.⌠........#
#..####...#...######'#
#..###....#.⌠.#_v#...#
...##.....#...#_@#...#
...#......#+###__#...#
.##.#.....# #__#...+
.#####....# #_.'...#
▓▓ ▓▓▓▓▓▓ ▓▓▓▓▓▓▓▓


You could see a spatial vortex.

Vanquished Creatures
  A shadow (D)
  A water elemental (D)
  A scorpion (D)
  A jelly (D)
  Jessica (D)
  A human (D)
  An ooze (D)
  2 rats (D)
9 creatures vanquished.

Vanquished Creatures (others)
  2 draconian scorchers (D)
  A yaktaur (D)
  A plant (D)
4 creatures vanquished.

Grand Total: 13 creatures vanquished

Notes
Turn   | Place    | Note
--------------------------------------------------------------
     0 | D        | Kidiri the Spriggan Enchanter began the quest for the Orb.
     0 | D        | Reached XP level 1. HP: 9/9 MP: 5/5
     9 | D        | Reached skill level 5 in Stealth
    26 | D        | Noticed Jessica
    40 | D        | Killed Jessica
    40 | D        | Reached skill level 5 in Dodging
    40 | D        | Reached skill level 6 in Stealth
    40 | D        | Reached XP level 2. HP: 13/13 MP: 5/8
    40 | D        | Reached XP level 3. HP: 16/16 MP: 6/10
    44 | D        | Learned a level 2 spell: Ensorcelled Hibernation
    48 | D        | Learned a level 3 spell: Confuse
    52 | D        | Learned a level 3 spell: Tukima's Dance
    85 | D        | Noticed a scorpion
    88 | D        | Killed a scorpion
    88 | D        | Reached skill level 7 in Stealth
    88 | D        | Reached skill level 5 in Spellcasting
    88 | D        | Reached skill level 1 in Ice Magic
    88 | D        | Reached XP level 4. HP: 21/21 MP: 10/12
    92 | D        | Reached skill level 8 in Stealth
    92 | D        | Reached skill level 5 in Hexes
    97 | D        | Learned a level 3 spell: Dazzling Spray
   118 | D        | Gained mutation: Potions and wands are less effective at restoring your health. [potion of mutation]
   118 | D        | Gained mutation: You are partially covered in iridescent scales (AC +4). [potion of mutation]
   119 | D        | Gained mutation: You are resistant to electric shocks. [potion of mutation]
   119 | D        | Gained mutation: You are frail (-10% HP). [potion of mutation]
   120 | D        | Gained mutation: Your muscles are strong. (Str +2) [potion of beneficial mutation]
   128 | D        | Killed a yaktaur
   156 | D        | Noticed a water elemental
   173 | D        | Killed a water elemental
   173 | D        | Reached skill level 9 in Stealth
   173 | D        | Reached XP level 5. HP: 21/21 MP: 4/15
   195 | D        | Killed a white draconian scorcher
   240 | D        | Killed a white draconian scorcher
   349 | D        | Found a glowing silver altar of Zin.
   359 | D        | Noticed a jelly
   360 | D        | Noticed a shadow
   362 | D        | Killed a shadow
   362 | D        | Reached skill level 10 in Stealth
   362 | D        | Reached skill level 1 in Conjurations
   362 | D        | Reached XP level 6. HP: 25/25 MP: 15/17
   366 | D        | Killed a jelly
   371 | D        | Found a stormy altar of Qazlal.
   372 | D        | Found a sacrificial altar of Ru.
   372 | D        | Found a burning altar of Makhleb.
   372 | D        | Found a viscous altar of Jiyva.
   372 | D        | Found a shimmering altar of Xom.
   372 | D        | Found a shadowy altar of Dithmenos.
   372 | D        | Found a sparkling altar of Nemelex Xobeh.
   372 | D        | Found a corrupted altar of Lugonu.
   372 | D        | Found an opulent altar of Gozag.
   372 | D        | Noticed a spatial vortex
   378 | D        | Became a worshipper of Dithmenos the Shadowed
   383 | D        | Slain by a spatial vortex

Vault maps used:
D:        dungeon_sprint_mu

Action                   |  1- 3 |  4- 6 || total
-------------------------+-------+-------++-------
Melee: Dagger            |    11 |    11 ||    22
 Cast: Dazzling Spray    |       |     4 ||     4
       Ensorcelled Hiber |       |     3 ||     3
       Confuse           |       |     1 ||     1
  Use: Scroll            |       |     4 ||     4
       Potion            |       |     4 ||     4
 Stab: Sleeping          |     4 |     3 ||     7
